 Dungeon Crawl Stone Soup version 0.31-a0-133-gaae73658be (webtiles) character file.

Game seed: 8015756186329344123

1157 IdlyInterested the Trooper (level 8, -5/64 HPs)
             Began as a Demonspawn Fighter on June 2, 2023.
             Slain by a gnoll
             ... wielding a +0 spear
              (6 damage)
             ... on level 5 of the Dungeon.
             The game lasted 00:17:29 (6768 turns).

IdlyInterested the Trooper (Demonspawn Fighter)     Turns: 6768, Time: 00:17:29

Health: -5/64      AC: 17    Str: 18    XL:     8   Next: 16%
Magic:  8/8        EV: 10    Int: 10    God:
Gold:   255        SH:  6    Dex: 13    Spells: 7/7 levels left

rFire   + . .        a - +1 war axe
rCold   + . .        c - +1 buckler
rNeg    . . .        H - +0 plate armour
rPois   .            (helmet unavailable)
rElec   .            p - scarf {shadows}
rCorr   .            (no gloves)
SInv    +            E - +2 pair of slick slippers {slick, slippery, EV+4}
Will    .....        C - amulet of magic regeneration Stlth
                     g - +4 ring of protection
HPRegen 0.30/turn    r - ring of protection from fire
MPRegen 0.51/turn

%: no passive effects
@: lethally poisoned (-5 -> -21)
A: antennae 3, foul stench 1, cold resistance 1
a: no special abilities


You were on level 5 of the Dungeon.
You visited 2 branches of the dungeon, and saw 7 of its levels.

You collected 255 gold pieces.

Inventory:

Hand Weapons
 a - a +1 war axe (weapon)
 k - a +2 dagger of electrocution
 o - a +4 dagger
 y - a +2 heavy mace
Missiles
 e - 5 poisoned darts
 j - 39 stones (quivered)
 l - 3 boomerangs
 t - 6 atropa-tipped darts
 u - a curare-tipped dart
Armour
 c - a +1 buckler (worn)
 p - a scarf of shadows (worn)
 E - the +2 pair of slick slippers (worn) {slick, slippery, EV+4}
   (You found it on level 6 of the Dungeon)

   Slick:     Its wearer cannot be constricted, engulfed, netted or webbed.
   Slippery:  Its wearer slips away from damaging melee attacks, pulling the
   attacker onward.
   EV:        It affects your evasion (+4).
 H - a +0 plate armour (worn)
Magical Staves
 A - a staff of air
Jewellery
 g - a +4 ring of protection (left hand)
 r - a ring of protection from fire (right hand)
 C - an amulet of magic regeneration (around neck)
 F - a ring of protection from cold
Wands
 q - a wand of quicksilver (4)
 s - a wand of paralysis (1)
Scrolls
 d - 2 scrolls of fog
 m - 3 scrolls of enchant armour
 n - 4 scrolls of teleportation
Potions
 f - a potion of lignification
 i - a potion of resistance {unknown}
 v - a potion of brilliance {unknown}
 w - a potion of invisibility {unknown}
 G - a potion of enlightenment {unknown}


   Skills:
 + Level 5.9 Fighting
 * Level 4.8 Axes
 - Level 1.0 Throwing
 - Level 3.0 Armour
 - Level 3.0 Dodging
 - Level 1.0 Stealth
 + Level 5.1 Shields
 - Level 1.0 Evocations


You had 7 spell levels left.
You didn't know any spells.
Your spell library contained the following spells:

 Spells                   Type           Power      Damage    Failure   Level
 Apportation              Tloc           0%         N/A       100%        1
 Portal Projectile        Hex/Tloc       0%         N/A       100%        3
 Tukima's Dance           Hex            0%         N/A       100%        3
 Vhi's Electric Charge    Tloc/Air       0%         N/A       100%        3
 Alistair's Intoxication  Tmut/Pois      0%         N/A       100%        5
 Arcjolt                  Conj/Air       0%         1d10      100%        5
 Blade Hands              Tmut           0%         N/A       100%        5
 Storm Form               Tmut/Air       0%         N/A       100%        7
 Maxwell's Capacitive Co  Air            0%         ∞         100%        8


Dungeon Overview and Level Annotations

Branches:
Dungeon (6/15)             Temple (1/1) D:5

Altars:
Ashenzari
Cheibriados
Dithmenos
Gozag
Hepliaklqana
Kikubaaqudgha
Makhleb
Okawaru
Qazlal
Ru
Trog
Uskayaw
Vehumet
Xom
Yredelemnul

Annotations:
D:5 1 transporter, OldManVictorn's ghost, amateur GnDe


Innate Abilities, Weirdness & Mutations

You have a pair of large antennae on your head. (SInv)
You may rarely emit foul miasma when damaged in melee.
Your flesh is cold resistant. (rC+)


Message History

You block the gnoll sergeant's attack.
The gnoll zaps a wand.
The bolt of dispelling energy hits you but does no damage.
OldManVictorn's ghost hits you but does no damage.
The gnoll hits you from afar with a +0 halberd of venom.
You are poisoned.
You hit the gnoll but do no damage.
The gnoll is almost dead.
You barely miss the gnoll sergeant. You hit OldManVictorn's ghost.
You feel very sick. The gnoll sergeant barely misses you.
The gnoll zaps a wand.
The bolt of dispelling energy hits the gnoll!
The gnoll dies!
The bolt of dispelling energy hits you!
* * * LOW HITPOINT WARNING * * *
OldManVictorn's ghost closely misses you.
The gnoll barely misses you.
The gnoll sergeant hits you with a +0 spear of venom.
* * * LOW HITPOINT WARNING * * *
You slip backwards!
The gnoll zaps a wand.
The bolt of dispelling energy hits you but does no damage.
Okay, then.
It was a potion of mutation.
You feel extremely strange.
You feel resistant to cold.
You feel sick.
The gnoll sergeant hits you but does no damage.
You are lethally poisoned!
The gnoll hits you but does no damage. The gnoll closely misses you.
OldManVictorn's ghost hits you.
* * * LOW HITPOINT WARNING * * *
The gnoll sergeant blocks your attack.
The gnoll sergeant is heavily wounded.
You closely miss the gnoll. You slash the gnoll!
You slash OldManVictorn's ghost!
* * * LOW HITPOINT WARNING * * *
You feel very sick.
The gnoll sergeant hits you but does no damage.
You are more poisoned.
The gnoll completely misses you. The gnoll barely misses you.
The gnoll hits you from afar with a +0 spear.
You die...

...#.≈≈≈≈≈≈≈≈≈≈≈≈~≈≈≈≈≈≈≈≈≈≈≈≈.#
.....≈≈#####...........#####≈≈.#
.....≈≈#.#.#.###.©.###.#.#g#≈≈.#
.#...≈≈#g..###.#####©###...#≈≈.#
.....≈≈###..g............###≈≈.#
.##..≈≈.8#.######'### # #8.≈≈.#
###..≈≈.##.#.⌠.#..8#{. .##.≈≈.#
#..~~.#g.'..g)gW⌠#:. '..#.~~.#
##.≈≈.##.#.⌠.#@g8#|).#.##.≈≈.#
#.≈≈.8# ######g##### {#8.≈≈.#
#.≈≈###..{.{g....... .###≈≈.#
#.≈≈#...###g#####.###..g#≈≈.#
####.≈≈#.#.#.###.©.###.#.#.#≈≈.#
...#.≈≈#####...........#####≈≈.#
.....≈≈≈≈≈≈≈≈≈≈≈...≈≈≈≈≈≈≈≈≈≈≈.#
.....≈≈≈≈≈≈≈≈≈≈≈...≈≈≈≈≈≈≈≈≈≈≈.#
.[.............................#


You could see a gnoll sergeant, OldManVictorn's ghost and 3 gnolls.

Vanquished Creatures
  A wyvern (D:6)
  An orc warrior (D:6)
  A phantom (D:4)
  A kobold brigand (D:6)
  A scorpion (D:5)
  2 jellies
  5 hounds
  2 sleepcaps (D:6)
  6 iguanas
  3 orc wizards
  4 gnolls (D:5)
  6 adders
  A white imp (D:6)
  An ufetubus (D:4)
  3 worms (D:2)
  2 dart slugs
  21 orcs
  7 bats
  4 endoplasms
  3 giant cockroaches
  5 goblins
  5 hobgoblins
  2 quokkas
  2 ball pythons
  4 frilled lizards
  11 kobolds
  6 rats
110 creatures vanquished.

Vanquished Creatures (others)
  A human (D:6)
  A gnoll (D:5)
2 creatures vanquished.

Grand Total: 112 creatures vanquished

Notes
Turn   | Place    | Note
-------+----------+-------------------------------------------
     0 | D:1      | IdlyInterested the Demonspawn Fighter began the quest for
                  | the Orb.
     0 | D:1      | Reached XP level 1. HP: 18/18 MP: 1/1
   143 | D:1      | Gained mutation: You have a pair of small antennae on your
                  | head. [demonic ancestry]
   143 | D:1      | Reached XP level 2. HP: 24/24 MP: 2/2
   248 | D:1      | Reached skill level 1 in Throwing
  1036 | D:2      | Reached XP level 3. HP: 12/29 MP: 3/3
  1442 | D:2      | Found a faded altar of an unknown god.
  2096 | D:3      | Reached skill level 1 in Evocations
  2291 | D:3      | Gained mutation: You have a pair of antennae on your head.
                  | [demonic ancestry]
  2291 | D:3      | Reached XP level 4. HP: 35/35 MP: 4/4
  3203 | D:4      | Reached skill level 1 in Stealth
  3221 | D:4      | Gained mutation: You may rarely emit foul miasma when
                  | damaged in melee. [demonic ancestry]
  3221 | D:4      | Reached XP level 5. HP: 38/42 MP: 5/5
  3276 | D:4      | Noticed a phantom
  3290 | D:4      | Killed a phantom
  3331 | D:4      | Found an opulent altar of Gozag.
  3591 | D:4      | Reached XP level 6. HP: 36/49 MP: 6/6
  3925 | D:5      | Entered Level 5 of the Dungeon
  3935 | D:5      | Reached skill level 1 in Dodging
  4537 | D:5      | Found a staircase to the Ecumenical Temple.
  4545 | Temple   | Entered the Ecumenical Temple
  4867 | D:5      | Identified the +3 kite shield of Existentialism {rC+ Str+9}
  4882 | D:5      | Found a transporter.
  4943 | D:5      | Found a transporter.
  4954 | D:5      | Gained mutation: You have a pair of large antennae on your
                  | head. (SInv) [demonic ancestry]
  4954 | D:5      | Reached XP level 7. HP: 55/55 MP: 7/7
  5037 | D:5      | Noticed OldManVictorn's ghost (amateur GnDe)
  5444 | D:6      | Reached skill level 5 in Fighting
  5750 | D:6      | Found an ancient bone altar of Kikubaaqudgha.
  5751 | D:6      | Noticed a human
  5753 | D:6      | Killed a human
  5814 | D:6      | Noticed a wyvern
  5825 | D:6      | Killed a wyvern
  6081 | D:6      | Found the +2 pair of slick slippers {slick, slippery, EV+4}
  6115 | D:6      | Reached skill level 5 in Shields
  6115 | D:6      | Reached XP level 8. HP: 55/64 MP: 8/8
  6767 | D:5      | Gained mutation: Your flesh is cold resistant. (rC+)
                  | [potion of mutation]
  6767 | D:5      | HP: 3/64 [OldManVictorn's ghost (1)]
  6768 | D:5      | HP: 1/64 [poisoned by a gnoll sergeant]
  6768 | D:5      | Slain by a gnoll

Illustrated notes

Levels and vault maps discovered:
D:1:      minmay_arrival_arboretum_small, layout_basic
D:2:      kennysheep_big_flooded_room, layout_basic,
          chequers_ecumenical_altar_simple_redux, corexii_leaking_fountain
D:3:      layout_basic
D:4:      layout_basic, lemuel_round_altar, grunt_gozag_breadcrumbs,
          serial_bayou_pond_b
D:5:      layout_loops_corners, minmay_temple_entry_slanted,
          gammafunk_ghost_gnarly_gnolls,
          hangedman_abyss_or_decor_jellyfish_corner
D:6:      layout_layer_cave, tgw_kikubaaqudgha
Temple:   nicolae_temple_no_exploring_needed

Skill      XL: |  1  2  3  4  5  6  7 |
---------------+----------------------+-----
Axes           | 2 3 4 |  4.8
Throwing       | 1 |  1.0
Shields        | 3 4 5 |  5.1
Evocations     | 1 |  1.0
Stealth        | 1 |  1.0
Fighting       | 4 5 |  5.9
Armour         | 3 |  3.0
Dodging        | 2 3 |  3.0

Action                     |  1- 3 |  4- 6 |  7- 9 || total
---------------------------+-------+-------+-------++-------
  Melee: War axe           |   129 |   136 |   103 ||   368
  Throw: Stone             |     2 |     6 |     2 ||    10
  Evoke: Wand              |       |       |     4 ||     4
    Use: Scroll            |     7 |     5 |       ||    12
         Potion            |     1 |     3 |     7 ||    11
   Stab: Paralysed         |       |       |     4 ||     4
 Armour: Scale mail        |    56 |    72 |    18 ||   146
         Plate armour      |       |       |    65 ||    65
  Dodge: Dodged            |    52 |    65 |    52 ||   169
  Block: Buckler           |    35 |    38 |    44 ||   117

Table legend: (Time is in decaauts)
 A = Elapsed time spent in this place.
 B = Non-inter-level travel time spent in this place.
 C = Inter-level travel time spent in this place.
 D = Time resting spent in this place.
 E = Time spent auto-exploring this place.
 F = Levels seen in this place.
 G = Mean time per level.
                   A        B        C        D        E       F      G
               +--------+--------+--------+--------+--------+-----+--------+
         Total |   6900 |   5969 |    931 |    711 |   3801 |   7 |  985.7 |
       Dungeon |   6885 |   5954 |    931 |    711 |   3801 |   6 | 1147.5 |
        Temple |     14 |     14 |      0 |      0 |      0 |   1 |   14.0 |
               +--------+--------+--------+--------+--------+-----+--------+

Top non-repeatable levels by time:
     D:6: 1418 daAuts
     D:5: 1329 daAuts
     D:3: 1070 daAuts
     D:2: 1060 daAuts
     D:1: 1006 daAuts
     D:4: 1000 daAuts
  Temple: 14 daAuts
